 Dungeon Crawl Stone Soup version 0.29-a0-901-g46a8461d6a (webtiles) character file.

Game seed: 2705542649954832753

1779 wilfster70 the Covert (level 9, -1/39 (51) HPs)
             Began as a Kobold Delver on July 23, 2022.
             Was an Initiate of Dithmenos.
             Slain by a wight
             ... wielding a +3 dagger
              (8 damage)
             ... on level 6 of the Dungeon.
             The game lasted 00:15:30 (8446 turns).

wilfster70 the Covert (Kobold Delver)               Turns: 8446, Time: 00:15:31

HP:   -1/39 (51)    AC:  9    Str:  9    XL:     9   Next: 29%
MP:   20/20         EV: 14    Int: 15    God:    Dithmenos [......]
Gold: 374           SH:  0    Dex: 17    Spells: 20/23 levels left

rFire   . . .      SeeInvis .   b - +3 dagger
rCold   . . .      Faith    .   (no shield)
rNeg    . . .      Spirit   .   n - +1 leather armour {Will+}
rPois   .          Reflect  .   (no helmet)
rElec   .          Harm     .   (no cloak)
rCorr   .          Rampage  .   (no gloves)
Will    +....                   m - +0 pair of boots
Stlth   +++++.....              (no amulet)
HPRegen 0.13/turn               l - +4 ring of protection
MPRegen 0.17/turn               (no ring)

@: heavily drained
A: small, no large weapons, nightstalker 3
a: Renounce Religion


You were on level 6 of the Dungeon.
You worshipped Dithmenos.
Dithmenos was noncommittal.
You visited 2 branches of the dungeon, and saw 7 of its levels.

You collected 374 gold pieces.

Inventory:

Hand Weapons
 a - a +0 dagger of venom
 b - a +3 dagger (weapon)
Missiles
 k - 4 boomerangs (quivered)
 u - 3 poisoned darts
Armour
 m - a +0 pair of boots (worn)
 n - a +1 leather armour of willpower (worn)
Jewellery
 l - a +4 ring of protection (left hand)
 p - a +6 ring of intelligence
Wands
 g - a wand of digging (3)
 o - a wand of iceblast (11)
Scrolls
 c - 2 scrolls of fog
 i - 2 scrolls of blinking {unknown}
 j - a scroll of teleportation {unknown}
 r - 4 scrolls of identify
 s - a scroll of brand weapon {unknown}
Potions
 d - a potion of lignification
 f - 3 potions of haste
 h - 5 potions of flight
 q - a potion of brilliance


   Skills:
 - Level 3.2 Fighting
 - Level 3.0 Short Blades
 - Level 2.4 Dodging
 - Level 8.5 Stealth
 + Level 7.5 Spellcasting
 + Level 7.5 Summonings


You had 20 spell levels left.
You knew the following spells:

 Your Spells              Type           Power      Damage    Failure   Level
a - Call Canine Familiar  Summ           28%        N/A       2%          3

Your spell library contained the following spells:

 Spells                   Type           Power      Damage    Failure   Level
 Summon Small Mammal      Summ           100%       N/A       1%          1
 Summon Guardian Golem    Hex/Summ       16%        N/A       12%         3
 Apportation              Tloc           10%        N/A       19%         1
 Animate Dead             Necr           5%         N/A       87%         4
 Alistair's Intoxication  Tmut/Pois      3%         N/A       99%         5
 Borgnjor's Vile Clutch   Necr/Erth      2%         N/A       99%         5
 Death Channel            Necr           2%         N/A       100%        6


Dungeon Overview and Level Annotations

Branches:
Dungeon (6/15)             Temple (1/1) D:6

Altars:
Ashenzari
Cheibriados
Dithmenos
Elyvilon
Fedhas
Gozag
Hepliaklqana
Kikubaaqudgha
Makhleb
Nemelex Xobeh
Okawaru
Qazlal
Ru
Sif Muna
Trog
Uskayaw
Vehumet
Wu Jian
Xom
Yredelemnul
Zin
The Shining One

Annotations:
D:6 Duvessa


Innate Abilities, Weirdness & Mutations

You are small and have problems with some larger weapons.
You are completely attuned to the shadows.


Message History

You barely miss the wight.
The wight is severely damaged.
The wight hits you with a +3 dagger.
You feel drained.
You hit the wight.
The wight is severely damaged.
The wight closely misses you.
You hit the wight but do no damage.
The wight is severely damaged.
The wight hits you with a +3 dagger.
You closely miss the wight.
The wight is severely damaged.
The wight hits you with a +3 dagger.
You feel drained.
You are too injured to fight recklessly!
You are too injured to fight recklessly!
You are too injured to fight recklessly!
You are too injured to fight recklessly!
You are too injured to fight recklessly!
You are too injured to fight recklessly!
You are too injured to fight recklessly!
You are too injured to fight recklessly!
You are too injured to fight recklessly!
You are too injured to fight recklessly!
You are too injured to fight recklessly!
You are too injured to fight recklessly!
You are too injured to fight recklessly!
You are too injured to fight recklessly!
You are too injured to fight recklessly!
You are too injured to fight recklessly!
You are too injured to fight recklessly!
You are too injured to fight recklessly!
You swing at nothing.
The wight barely misses you.
You swing at nothing.
The wight barely misses you.
You swing at nothing.
You swing at nothing.
The wight hits you with a +3 dagger.
You swing at nothing.
The wight closely misses you.
You swing at nothing.
The wight hits you but does no damage.
You swing at nothing.
The wight hits you with a +3 dagger!
* * * LOW HITPOINT WARNING * * *
You swing at nothing.
The wight hits you with a +3 dagger!
You die...

########## ## ## #........#
##. #. #........## ###..
##.## #.........# ##....
#...## ##.......# ###...##
#....# #.......# ##.....#
#..[.### ###.@...#####......#
#......#####..z.............#
##...............^.........##
#####..)<.....#####....####
#......#### #....# #>.....#
#....# ##......# #....# ##
#......# ##....#####. #.....
#.>...#.....


You could see a wight.

Vanquished Creatures
  A steam dragon (D:6)
  Edmund (D:4)
  An ogre (D:6)
  4 black bears
  A kobold brigand (D:5)
  A necrophage (D:6)
  4 scorpions
  4 wights
  Dowan (D:6)
  A howler monkey (D:4)
  A jelly (D:4)
  2 hounds (D:6)
  2 iguanas
  3 orc wizards (D:5)
  4 adders
  4 gnolls (D:3)
  2 white imps
  4 ufetubi
  2 worms
  4 dart slugs
  14 orcs
  5 ball pythons
  3 bats (D:1)
  4 endoplasms
  6 giant cockroaches
  6 goblins
  11 hobgoblins
  2 jackals (D:1)
  12 kobolds
  2 quokkas
  4 frilled lizards
  6 rats
122 creatures vanquished.

Notes
Turn   | Place    | Note
-------+----------+-------------------------------------------
     0 | D:5      | wilfster70 the Kobold Delver began the quest for the Orb.
     0 | D:5      | Reached XP level 1. HP: 14/14 MP: 1/1
    56 | D:4      | Noticed a howler monkey
   229 | D:2      | Reached XP level 2. HP: 5/19 MP: 2/2
   570 | D:2      | Reached skill level 7 in Stealth
  1203 | D:1      | Reached XP level 3. HP: 23/23 MP: 3/3
  1686 | D:1      | Reached skill level 8 in Stealth
  1779 | D:1      | Found a faded altar of an unknown god.
  2193 | D:1      | Reached XP level 4. HP: 24/28 MP: 4/4
  2711 | D:2      | Learned a level 3 spell: Call Canine Familiar
  3192 | D:3      | Found a glowing golden altar of the Shining One.
  3491 | D:3      | Found a stormy altar of Qazlal.
  3563 | D:3      | Reached skill level 1 in Spellcasting
  3563 | D:3      | Reached skill level 1 in Summonings
  3670 | D:3      | Reached XP level 5. HP: 28/32 MP: 6/6
  3948 | D:4      | Noticed Edmund
  3985 | D:4      | Killed Edmund
  3986 | D:4      | Reached XP level 6. HP: 33/37 MP: 7/10
  4506 | D:4      | Reached XP level 7. HP: 37/41 MP: 12/12
  4919 | D:4      | Found an opulent altar of Gozag.
  4920 | D:4      | Found a shimmering altar of Xom.
  5551 | D:5      | Reached XP level 8. HP: 26/46 MP: 13/15
  5698 | D:5      | Reached skill level 5 in Spellcasting
  5698 | D:5      | Reached skill level 5 in Summonings
  6376 | D:6      | Found a staircase to the Ecumenical Temple.
  6387 | Temple   | Entered the Ecumenical Temple
  6518 | Temple   | Became a worshipper of Dithmenos the Shadowed
  7126 | D:6      | Reached XP level 9. HP: 51/51 MP: 17/19
  7456 | D:6      | Noticed Duvessa
  7460 | D:6      | Noticed Dowan
  7479 | D:6      | Killed Dowan
  7479 | D:6      | HP: 3/76 [poisoned by Dowan]
  8446 | D:6      | Slain by a wight

Illustrated notes

Levels and vault maps discovered:
D:1:      eino_arrival_cavern_e, layout_loops_ring,
          hellmonk_ecumenical_altar_blasted, serial_bayou, serial_bayou_shore_a,
          serial_bayou_pond_e, serial_bayou_pond_d, serial_bayou_lagoon_a,
          minmay_misc_feat_more_columns, minmay_misc_feat_square
D:2:      layout_basic
D:3:      layout_loops_ring, mainiacjoe_overflow_alcove_1,
          mainiacjoe_overflow_cross_hatched
D:4:      layout_basic, nicolae_overflow_squiral, uniq_edmund
D:5:      layout_basic
D:6:      layout_cave_pods, minmay_temple_entry_slanted, uniq_duvessa
Temple:   dpeg_three_leaves_temple

Skill      XL: |  1  2  3  4  5  6  7  8  9 |
---------------+----------------------------+-----
Short Blades   | 3 |  3.0
Stealth        | 7 8 |  8.5
Spellcasting   | 1 2 3 4 6 7 |  7.5
Summonings     | 1 2 3 4 6 7 |  7.5
Fighting       | |  3.2
Dodging        | |  2.4

Action                   |  1- 3 |  4- 6 |  7- 9 || total
-------------------------+-------+-------+-------++-------
Melee: Short sword       |    92 |    43 |       ||   135
       Punch             |     1 |     1 |     6 ||     8
       Dagger            |       |   117 |   286 ||   403
Throw: Boomerang         |       |       |     1 ||     1
  Use: Scroll            |     2 |     3 |     3 ||     8
       Potion            |       |       |     5 ||     5
 Stab: Sleeping          |    21 |    19 |     6 ||    46
       Distracted        |       |       |     1 ||     1
Armor: Leather armour    |    14 |    44 |   111 ||   169
       Skin              |       |       |     8 ||     8
Dodge: Dodged            |    38 |    98 |   214 ||   350

Table legend: (Time is in decaauts)
 A = Elapsed time spent in this place.
 B = Non-inter-level travel time spent in this place.
 C = Inter-level travel time spent in this place.
 D = Time resting spent in this place.
 E = Time spent auto-exploring this place.
 F = Levels seen in this place.
 G = Mean time per level.
                   A        B        C        D        E       F      G
               +--------+--------+--------+--------+--------+-----+--------+
         Total |   8415 |   8269 |    146 |   2876 |   2973 |   7 | 1202.1 |
       Dungeon |   8275 |   8137 |    138 |   2876 |   2973 |   6 | 1379.2 |
        Temple |    139 |    131 |      8 |      0 |      0 |   1 |  139.0 |
               +--------+--------+--------+--------+--------+-----+--------+

Top non-repeatable levels by time:
     D:6: 2050 daAuts
     D:1: 1600 daAuts
     D:2: 1273 daAuts
     D:5: 1243 daAuts
     D:4: 1144 daAuts
     D:3: 963 daAuts
  Temple: 139 daAuts
